 Dungeon Sprint DCSS version 0.19-a0-1401-g902f63d (webtiles) character file.

408 poirepourri the Thaumaturge (level 6, -2/33 HPs)
             Began as a Deep Elf Fire Elementalist on Sept 4, 2016.
             Was an Initiate of Vehumet.
             Slain by a slime creature (20 damage)
             ... in the Dungeon (Sprint I: "Red Sonja").
             The game lasted 00:02:40 (1116 turns).

poirepourri the Thaumaturge (DEFE)                  Turns: 1116, Time: 00:02:40

Health: -2/33      AC:  2    Str:  5    XL:     6   Next: 57%
Magic:  16/23      EV: 15    Int: 22    God:    Vehumet [......]
Gold:   297        SH:  0    Dex: 15    Spells: 6 memorised, 11 levels left

rFire  . . .     SeeInvis .     (no weapon)
rCold  . . .     Gourm    .     a - +0 robe
rNeg   . . .     Faith    .     (no shield)
rPois  .         Spirit   .     (no helmet)
rElec  .         Dismiss  .     (no cloak)
rCorr  .         Reflect  .     (no gloves)
MR     .....     Harm     .     (no boots)
Stlth  ++........ NoTele   +    (no amulet)
                                (no ring)
                                (no ring)

@: no status effects
A: no striking features
a: Renounce Religion


You were in the Dungeon.
You worshipped Vehumet.
Vehumet was noncommittal.
You were not hungry.

You visited 1 branch You collected 297 gold pieces.

Inventory:

Armour
 a - a +0 robe (worn)
Wands
 i - a wand of flame (31/48)
 j - a wand of polymorph (13/24)
Potions
 d - a potion of curing
 e - a potion of heal wounds
 f - a potion of haste
 g - a potion of magic
 h - a potion of berserk rage
 k - a potion of brilliance {unknown}
Books
 b - a book of Flames

   Spells                             Type                      Level
   a - Flame Tongue                   Conjuration/Fire             1
   b - Throw Flame                    Conjuration/Fire             2
   c - Conjure Flame                  Conjuration/Fire             3
   d - Inner Flame                    Hexes/Fire                   3
   e - Sticky Flame                   Conjuration/Fire             4
   f - Fireball                       Conjuration/Fire             5
Comestibles
 c - a bread ration


   Skills:
 - Level 0.7 Fighting
 + Level 5.2 Dodging
 - Level 2.4 Stealth
 * Level 12.3 Spellcasting
 + Level 4.6 Conjurations
 + Level 10.2 Fire Magic


You had 11 spell levels left.
You knew the following spells:

 Your Spells              Type           Power        Failure   Level  Hunger
a - Flame Tongue          Conj/Fire      #####        1%          1    None
b - Throw Flame           Conj/Fire      #####.       1%          2    None
c - Conjure Flame         Conj/Fire      #####...     1%          3    None
d - Inner Flame           Hex/Fire       #####...     1%          3    None
e - Sticky Flame          Conj/Fire      #####...     1%          4    None
f - Fireball              Conj/Fire      #####.....   8%          5    ####...


Dungeon Overview and Level Annotations

Branches:
Dungeon (1/1)

Altars:
Cheibriados
Dithmenos
Elyvilon
Fedhas
Gozag
Hepliaklqana
Kikubaaqudgha
Makhleb
Nemelex Xobeh
Okawaru
Qazlal
Ru
Sif Muna
Trog
Uskayaw
Vehumet
Xom
Yredelemnul
Zin
The Shining One
Jiyva
Lugonu

Shops:
D *


Message History

Casting: Flame Tongue
Confirm with . or Enter, or press ? or * to list all spells.
Aiming: Flame Tongue
Press: ? - help, Shift-Dir - straight line, f/p - slime creature
Aim: a slime creature (flame, moderately wounded)
The flame tongue hits the slime creature.
The slime creature is heavily wounded.
The slime creature is engulfed in roaring flames.
The slime creature hits you!
Casting: Flame Tongue
Confirm with . or Enter, or press ? or * to list all spells.
Aiming: Flame Tongue
Press: ? - help, Shift-Dir - straight line, f/p - slime creature
Aim: a slime creature (flame, severely wounded)
The flame tongue hits the slime creature.
The slime creature is almost dead.
The slime creature is engulfed in roaring flames.
The slime creature hits you!!
Ouch! That really hurt!
You die...

################ ##
#<.#..'..#..'..#__#
#.))..#..'..#.@J..+
#..#####'#####'#__#
#..## #..#...#.# ##
#..#__####..##.#
#..#_____##'#..+
#⌠⌠#_.∩...'..._#
####_..__##_.#'#
#_____###+#)#
####### ###


You could see a slime creature.

Vanquished Creatures
  Sigmund (D)
  A yak (D)
  An ogre (D)
  A jelly (D)
  Ijyb (D)
5 creatures vanquished.

Vanquished Creatures (others)
  A gargoyle (D)
1 creature vanquished.

Grand Total: 6 creatures vanquished

Notes
Turn   | Place    | Note
-------+----------+-------------------------------------------
     0 | D        | poirepourri the Deep Elf Fire Elementalist began the quest for the Orb.
     0 | D        | Reached XP level 1. HP: 10/10 MP: 6/6
     2 | D        | Noticed Ijyb
    22 | D        | Killed Ijyb
    22 | D        | Reached skill level 5 in Spellcasting
    22 | D        | Reached skill level 5 in Fire Magic
    22 | D        | Reached XP level 2. HP: 10/15 MP: 1/10
   106 | D        | Killed a gargoyle
   260 | D        | Noticed an ogre
   268 | D        | Killed an ogre
   268 | D        | Reached skill level 8 in Spellcasting
   268 | D        | Reached XP level 3. HP: 1/19 MP: 4/14
   268 | D        | Reached XP level 4. HP: 1/24 MP: 4/16
   564 | D        | Learned a level 2 spell: Throw Flame
   568 | D        | Learned a level 3 spell: Conjure Flame
   572 | D        | Learned a level 3 spell: Inner Flame
   577 | D        | Learned a level 4 spell: Sticky Flame
   599 | D        | Noticed Sigmund
   629 | D        | Killed Sigmund
   629 | D        | Reached skill level 10 in Spellcasting
   629 | D        | Reached XP level 5. HP: 13/28 MP: 14/20
   877 | D        | Found a deep blue altar of Sif Muna.
   881 | D        | Reached skill level 11 in Spellcasting
   881 | D        | Reached XP level 6. HP: 33/33 MP: 17/22
   888 | D        | Learned a level 5 spell: Fireball
   908 | D        | Found a radiant altar of Vehumet.
   918 | D        | Became a worshipper of Vehumet
   936 | D        | Found Weef's General Store.
   936 | D        | Found an ancient bone altar of Kikubaaqudgha.
   936 | D        | Found a hazy altar of Hepliaklqana.
   936 | D        | Found a stormy altar of Qazlal.
   936 | D        | Found a hide-covered altar of Uskayaw.
   936 | D        | Found a blossoming altar of Fedhas.
   936 | D        | Found a bloodstained altar of Trog.
   936 | D        | Found an iron altar of Okawaru.
   936 | D        | Found a basalt altar of Yredelemnul.
   936 | D        | Found a glowing golden altar of the Shining One.
   936 | D        | Found a snail-covered altar of Cheibriados.
   936 | D        | Found a sacrificial altar of Ru.
   936 | D        | Found a glowing silver altar of Zin.
   936 | D        | Found a shadowy altar of Dithmenos.
   936 | D        | Found a white marble altar of Elyvilon.
   936 | D        | Noticed a yak
   947 | D        | Killed a yak
   947 | D        | Reached skill level 5 in Dodging
   947 | D        | Reached skill level 12 in Spellcasting
   947 | D        | Reached skill level 10 in Fire Magic
  1092 | D        | Found an opulent altar of Gozag.
  1093 | D        | Found a sparkling altar of Nemelex Xobeh.
  1111 | D        | Found a burning altar of Makhleb.
  1111 | D        | Found a viscous altar of Jiyva.
  1111 | D        | Found a shimmering altar of Xom.
  1111 | D        | Found a corrupted altar of Lugonu.
  1111 | D        | Noticed a slime creature
  1116 | D        | Slain by a slime creature

Vault maps used:
D:        dungeon_sprint_1

Skill      XL: |  1  2  3  4  5  6 |
---------------+-------------------+-----
Spellcasting   | 5 8 10 11 12 | 12.3
Fire Magic     | 5 7 9 10 | 10.2
Dodging        | 3 4 5 |  5.2
Conjurations   | 2 3 4 |  4.6
Fighting       | |  0.7
Stealth        | |  2.4

Action                   |  1- 3 |  4- 6 || total
-------------------------+-------+-------++-------
Melee: Unarmed           |    12 |       ||    12
 Cast: Flame Tongue      |    10 |     9 ||    19
       Throw Flame       |       |     7 ||     7
       Conjure Flame     |       |     6 ||     6
  Use: Scroll            |       |     1 ||     1
       Potion            |       |     1 ||     1
Dodge: Dodged            |    12 |     3 ||    15
